 Dungeon Crawl Stone Soup version 0.22-a0-160-gcc81d7a (webtiles) character file.

32 sankara the Skirmisher (level 3, -2/33 HPs)
             Began as a Minotaur Fighter on Feb 10, 2018.
             Slain by Sinthome's ghost (8 damage)
             ... on level 3 of the Dungeon.
             The game lasted 00:01:39 (550 turns).

sankara the Skirmisher (Minotaur Fighter)            Turns: 550, Time: 00:01:40

Health: -2/33      AC:  6    Str: 21    XL:     3   Next: 8%
Magic:  2/2        EV:  7    Int:  5    God:
Gold:   51         SH:  9    Dex:  9    Spells: 2/2 levels left

rFire    . . .     SeeInvis .   a - +0 war axe
rCold    . . .     Gourm    .   c - +0 shield
rNeg     . . .     Faith    .   b - +0 scale mail
rPois    .         Spirit   .   (helmet restricted)
rElec    .         Reflect  .   (no cloak)
rCorr    .         Harm     .   (no gloves)
MR       .....                  (no boots)
Stlth    ..........             (no amulet)
HPRegen  0.11/turn              (no ring)
MPRegen  0.08/turn              (no ring)

@: no status effects
A: retaliatory headbutt, horns 2
a: no special abilities


You were on level 3 of the Dungeon.
You were not hungry.

You visited 1 branch of the dungeon, and saw 3 of its levels.

You collected 51 gold pieces.

Inventory:

Hand Weapons
 a - a +0 war axe (weapon)
Armour
 b - a +0 scale mail (worn)
 c - a +0 shield (worn)
Wands
 h - a wand of paralysis (12)
Scrolls
 e - a scroll of enchant weapon {unknown}
Potions
 d - a potion of might
Comestibles
 f - 2 rations
 g - 5 chunks of flesh


   Skills:
 + Level 4.2 Fighting
 * Level 3.8 Axes
 - Level 3.6 Armour
 - Level 3.6 Shields


You had 2 spell levels left.
You didn't know any spells.

Dungeon Overview and Level Annotations

Branches:
Dungeon (3/15)

Altars:

Annotations:
D:3 Sinthome's ghost, weakling HOFi


Innate Abilities, Weirdness & Mutations

You reflexively headbutt those who attack you in melee.
You have a pair of horns on your head.


Message History

Sinthome's ghost barely misses you. You furiously retaliate!
You headbutt Sinthome's ghost, but do no damage.
You slash Sinthome's ghost!
Sinthome's ghost is moderately damaged.
Sinthome's ghost hits you but does no damage.
You hit Sinthome's ghost.
Sinthome's ghost is heavily damaged.
Sinthome's ghost hits you!
Your shield and scale mail prevent you from hitting Sinthome's ghost.
You headbutt Sinthome's ghost, but do no damage.
Sinthome's ghost is heavily damaged.
Sinthome's ghost hits you! You block Sinthome's ghost's attack.
You are too injured to fight recklessly!
You are too injured to fight recklessly!
You closely miss Sinthome's ghost.
Sinthome's ghost is heavily damaged.
Sinthome's ghost hits you.
* * * LOW HITPOINT WARNING * * *
Sinthome's ghost hits you!
You die...

#...# #...##
####<...## #........#
#.##.....#
#.##.#.#.##
##.........## #..
#.###...###.W...#....
#.......# #.@........
#####.#.###.....#....
#.#........## .
#.###.....## #.
#...##.# #.#.....#...
...........##
#.#.....##.#
#.##...## ..


You could see Sinthome's ghost.

Vanquished Creatures
  A shadow imp (D:2)
  2 worms (D:2)
  A giant cockroach (D:3)
  2 goblins (D:2)
  3 jackals (D:2)
  A ball python (D:2)
  A bat (D:2)
  3 frilled lizards (D:2)
  2 kobolds (D:2)
  5 rats
21 creatures vanquished.

Notes
Turn   | Place    | Note
-------+----------+-------------------------------------------
     0 | D:1      | sankara the Minotaur Fighter began the quest for the Orb.
     0 | D:1      | Reached XP level 1. HP: 19/19 MP: 0/0
   211 | D:2      | Reached skill level 4 in Fighting
   211 | D:2      | Reached XP level 2. HP: 13/27 MP: 1/1
   423 | D:2      | Reached XP level 3. HP: 27/33 MP: 2/2
   531 | D:3      | Noticed Sinthome's ghost (weakling HOFi)
   550 | D:3      | Slain by Sinthome's ghost

Vault maps used:
D:1:      roderic_chinese_lattice_arrival
D:2:      chequers_ecumenical_altar_island, uniq_sigmund
D:3:      hangedman_glass_teeth

Skill      XL: |  1 |
---------------+----+-----
Axes           | 3 |  3.8
Fighting       | 4 |  4.2
Armour         | |  3.6
Shields        | |  3.6

Action                   || total
-------------------------++-------
Melee: War axe           ||    48
       Headbutt          ||    10
Armor: Scale mail        ||    19
Dodge: Dodged            ||    14
Block: Shield            ||    25

Table legend:
 A = Spawn XP
 B = Non-spawn XP
 C = Spawn XP percentage of total XP
 D = Spawn monster count
 E = Non-spawn monster count
 F = Spawn count percentage of total count
 G = Total turns spent on level
                    A         B        C        D         E        F      G
               +---------+---------+-------+---------+---------+-------+---------
         Total |       0 |      46 |   0.0 |       0 |      21 |   0.0 |   550
               +---------+---------+-------+---------+---------+-------+---------
           D:1 |       0 |       2 |   0.0 |       0 |       2 |   0.0 |   118
           D:2 |       0 |      41 |   0.0 |       0 |      17 |   0.0 |   395
           D:3 |       0 |       3 |   0.0 |       0 |       2 |   0.0 |    37
               +---------+---------+-------+---------+---------+-------+---------
